 Dungeon Crawl Stone Soup version 0.23.2-40-g277498a001 (webtiles) character file.

Game seed: 4555222078265135099

205 Hylith the Skirmisher (level 5, -3/46 HPs)
             Began as a Demonspawn Fighter on Sept 25, 2019.
             Slain by an iguana (6 damage)
             ... on level 4 of the Dungeon.
             The game lasted 00:05:38 (2958 turns).

Hylith the Skirmisher (Demonspawn Fighter)          Turns: 2958, Time: 00:05:38

Health: -3/46      AC: 18    Str: 17    XL:     5   Next: 52%
Magic:  5/5        EV:  2    Int:  9    God:
Gold:   209        SH:  9    Dex: 13    Spells: 4/4 levels left

rFire    + + .     SeeInvis .     - Unarmed
rCold    . . .     Gourm    .   b - +0 shield
rNeg     . . .     Faith    .   w - +0 plate armour
rPois    .         Spirit   .   z - +2 helmet
rElec    .         Reflect  .   y - +0 cloak (curse)
rCorr    .         Harm     .   (no gloves)
MR       .....                  v - +0 pair of boots
Stlth    ..........             (no amulet)
HPRegen  0.15/turn              m - ring of protection from fire
MPRegen  0.09/turn              q - ring of attention (curse)

@: no status effects
A: talons 1, molten scales 1, fire resistance 1, flame cloud immunity
a: no special abilities


You were on level 4 of the Dungeon.
You were not hungry.

You visited 1 branch of the dungeon, and saw 4 of its levels.

You collected 209 gold pieces.

Inventory:

Armour
 b - a +0 shield (worn)
 v - a +0 pair of boots (worn)
 w - a +0 plate armour (worn)
 y - a cursed +0 cloak (worn)
 z - a +2 helmet (worn)
Jewellery
 m - a ring of protection from fire (left hand)
 o - an uncursed ring of fire
 q - a cursed ring of attention (right hand)
Wands
 e - a wand of paralysis (10)
Scrolls
 a - 3 scrolls of remove curse {unknown}
 f - a scroll of noise {unknown}
 h - 3 scrolls of teleportation {unknown}
 j - a scroll of magic mapping {unknown}
 n - 4 scrolls of identify {unknown}
 r - a scroll of immolation {unknown}
 u - a scroll of random uselessness {unknown}
Potions
 c - a potion of might
 g - 2 potions of haste {unknown}
 i - a potion of invisibility {unknown}
 k - a potion of brilliance {unknown}
 l - a potion of heal wounds {unknown}
 p - a potion of flight {unknown}
 s - 2 potions of lignification {unknown}
 x - 2 potions of mutation {unknown}
Comestibles
 d - 4 rations
 t - 3 chunks of flesh


   Skills:
 + Level 5.9 Fighting
 - Level 3.0 Armour
 - Level 3.0 Shields
 - Level 2.0 Unarmed Combat


You had 4 spell levels left.
You didn't know any spells.
Your spell library was empty.

Dungeon Overview and Level Annotations

Branches:
Dungeon (4/15)
 Temple: D:4-7

Altars:


Innate Abilities, Weirdness & Mutations

You have sharp toenails.
You are partially covered in molten scales. (AC +2)
Your flesh is heat resistant. (rF+)
You are immune to clouds of flame.


Message History

You hit the iguana but do no damage.
The iguana bites you but does no damage.
You barely miss the iguana.
The iguana bites you but does no damage.
You hit the iguana but do no damage. You block the iguana's attack.
You hit the iguana but do no damage.
The iguana bites you but does no damage.
You barely miss the iguana.
The iguana bites you but does no damage.
Your shield prevents you from hitting the iguana.
The iguana bites you.
* * * LOW HITPOINT WARNING * * *
You hit the iguana.
The iguana is lightly wounded.
You block the iguana's attack. The iguana bites you!
* * * LOW HITPOINT WARNING * * *
Your shield and plate armour prevent you from hitting the iguana.
The iguana is lightly wounded.
The iguana bites you.
You die...

#.........# #...#
#.........#
###.#.#
#.........#
+......
#.........#
###.#..
#.....#.###
...#..
#.......#.#
###.#..
#.#.....#.###.#
###.#
#....#.#......#
#..
####.#.#@.###.#
### #.#.##l..#
#.Z.Z..#
#....♣.....
#...$..#.♣..###..
#......$.......
#.....#########
#..... #.....


You could see an iguana and a howler monkey skeleton.

Vanquished Creatures
  A phantom (D:4)
  2 adders (D:3)
  An ooze (D:1)
  3 worms
  2 dart slugs (D:2)
  2 leopard geckos
  4 orcs
  2 ball pythons
  9 bats
  4 giant cockroaches
  14 goblins
  3 hobgoblins
  7 jackals
  6 kobolds
  7 frilled lizards
  8 rats
75 creatures vanquished.

Notes
Turn   | Place    | Note
-------+----------+-------------------------------------------
     0 | D:1      | Hylith the Demonspawn Fighter began the quest for the Orb.
     0 | D:1      | Reached XP level 1. HP: 18/18 MP: 1/1
   183 | D:1      | Gained mutation: Your flesh is heat resistant. (rF+)
                  | [demonic ancestry]
   183 | D:1      | Reached XP level 2. HP: 21/24 MP: 2/2
   460 | D:1      | Gained mutation: You have sharp toenails. [demonic
                  | ancestry]
   460 | D:1      | Reached XP level 3. HP: 15/29 MP: 3/3
   965 | D:2      | Reached skill level 4 in Fighting
  1469 | D:2      | Gained mutation: You are partially covered in molten
                  | scales. (AC +2) [demonic ancestry]
  1469 | D:2      | Reached XP level 4. HP: 38/38 MP: 4/4
  1738 | D:3      | Found a faded altar of an unknown god.
  2360 | D:3      | Reached skill level 5 in Fighting
  2811 | D:4      | Noticed a phantom
  2929 | D:4      | Killed a phantom
  2929 | D:4      | Gained mutation: You are immune to clouds of flame.
                  | [demonic ancestry]
  2929 | D:4      | Reached XP level 5. HP: 23/46 MP: 5/5
  2958 | D:4      | Slain by an iguana

Skill      XL: |  1  2  3  4 |
---------------+-------------+-----
Unarmed Combat | 2 |  2.0
Armour         | 3 |  3.0
Shields        | 3 |  3.0
Fighting       | 4 5 |  5.9

Action                   |  1- 3 |  4- 6 || total
-------------------------+-------+-------++-------
Melee: Unarmed           |   242 |   222 ||   464
       Kick              |    28 |    10 ||    38
  Eat: Chunk             |     1 |     6 ||     7
Armor: Scale mail        |   149 |    21 ||   170
       Plate armour      |       |    80 ||    80
Dodge: Dodged            |    93 |    24 ||   117
Block: Shield            |   133 |    87 ||   220
